 Dungeon Crawl Stone Soup version 0.25-a0-42-g6c54e25894 (webtiles) character file.

Game seed: 13104742648352671841, levelgen mode: deterministic

639 Gargoyl the Skirmisher (level 7, -11/66 HPs)
             Began as a White Draconian Abyssal Knight on Oct 23, 2019.
             Was a Believer of Lugonu.
             Mangled by an orc warrior
             ... wielding a +0 trident
              (13 damage)
             ... on level 5 of the Dungeon.
             The game lasted 00:04:54 (4322 turns).

Gargoyl the Skirmisher (DrAK)                       Turns: 4322, Time: 00:04:55

Health: -11/66     AC:  6    Str: 16    XL:     7   Next: 25%
Magic:  10/10      EV: 13    Int: 15    God:    Lugonu [**....]
Gold:   222        SH:  0    Dex: 10    Spells: 6/6 levels left

rFire    + . .     SeeInvis .   m - +10 trident of Compound Interest {freeze, Int+2}
rCold    + . .     Gourm    .   (no shield)
rNeg     . . .     Faith    .   (armour unavailable)
rPois    +         Spirit   .   (helmet restricted)
rElec    .         Reflect  .   (no cloak)
rCorr    .         Harm     .   (no gloves)
MR       .....                  (no boots)
Stlth    +++.......             (no amulet)
HPRegen  0.21/turn              d - ring of protection from fire
MPRegen  0.12/turn              j - ring of stealth

@: short of breath
A: breathe frost, unfitting armour, cold resistance 1, poison resistance, robust
1, screaming 1, cold-blooded, AC +6
a: Breathe Frost, Depart the Abyss, Bend Space, Renounce Religion


You were on level 5 of the Dungeon.
You worshipped Lugonu.
Lugonu was pleased with you.
You were very hungry.

You visited 1 branch of the dungeon, and saw 5 of its levels.
You visited the Abyss 1 time.

You collected 222 gold pieces.

Inventory:

Hand Weapons
 a - a +4 hand axe
 m - the +10 trident of Compound Interest (weapon) {freeze, Int+2}
   (You found it on level 4 of the Dungeon)

   It has been specially enchanted to freeze those struck by it, causing extra
   injury to most foes and up to half again as much damage against particularly
   susceptible opponents.
   It can also slow down cold-blooded creatures.
   It affects your intelligence (+2).
Jewellery
 d - a ring of protection from fire (left hand)
 j - a ring of stealth (right hand)
Wands
 h - a wand of iceblast (10)
Scrolls
 c - 2 scrolls of identify
 k - a scroll of magic mapping
 n - a scroll of fear
Potions
 e - a potion of magic
 f - a potion of curing
 g - a potion of berserk rage
 i - a potion of heal wounds
Comestibles
 b - 11 rations


   Skills:
 + Level 4.5 Fighting
 + Level 4.4 Axes
 + Level 0.7(2.8) Polearms
 * Level 4.4 Dodging
 + Level 1.9 Stealth
 * Level 4.3 Invocations


You had 6 spell levels left.
You didn't know any spells.
Your spell library was empty.

Dungeon Overview and Level Annotations

Branches:
Dungeon (5/15)
 Temple: D:4-7

Altars:


Innate Abilities, Weirdness & Mutations

You can breathe waves of freezing cold.
You can buffet flying creatures when you breathe cold.
Your icy white scales are hard. (AC +6)
You cannot fit into any form of body armour.
Your flesh is cold resistant. (rC+)
You are cold-blooded and may be slowed by cold attacks.
Your system is resistant to poisons. (rPois)
You are robust. (+10% HP)
You occasionally shout uncontrollably at your foes.


Message History

You hit the orc warrior. You freeze the orc warrior.
The orc warrior is moderately wounded.
The hound barely misses you.
The orc warrior hits you with a +0 trident.
The hound barely misses you.
You hit the orc warrior. You freeze the orc warrior.
You tail-slap the orc warrior, but do no damage.
The orc warrior is heavily wounded.
The orc warrior hits you with a +0 trident!
The hound misses you.
You hit the orc warrior but do no damage.
Your tail-slap misses the orc warrior.
The orc warrior is heavily wounded.
The hound bites you.
* * * LOW HITPOINT WARNING * * *
The orc warrior hits you with a +0 trident!
* * * LOW HITPOINT WARNING * * *
The hound closely misses you.
The orc warrior hits you with a +0 trident!
You die...

#####.####'#.....#
### #.......##
#.....<.#
#.......#
#.......#
##.......# ##
#........#
#...#........#
#...')@......#
>.'...#.ho.....#
..#...#........#
#.. #.........
.... #.........
.... #.........
...! #.........
#.........


You could see an orc warrior and a hound.

Vanquished Creatures
  Sigmund (D:2)
  An ogre (D:4)
  A howler monkey (D:4)
  A quasit (D:4)
  2 orc priests
  A gnoll shaman (D:4)
  An orc wizard (D:5)
  2 worker ants (D:4)
  Robin (D:2)
  3 gnolls (D:4)
  5 adders
  A worm (D:2)
  A dart slug (D:2)
  3 leopard geckos
  9 orcs
  4 bats
  3 giant cockroaches
  9 goblins
  10 hobgoblins
  2 jackals (D:3)
  2 quokkas
  4 frilled lizards
  9 kobolds
  4 rats
  A bush (D:2)
81 creatures vanquished.

Vanquished Creatures (others)
  2 starspawn tentacles (Abyss:1)
2 creatures vanquished.

Grand Total: 83 creatures vanquished

Notes
Turn   | Place    | Note
-------+----------+-------------------------------------------
     0 | Abyss:1  | Gargoyl the Draconian Abyssal Knight began the quest for
                  | the Orb.
     0 | Abyss:1  | Reached XP level 1. HP: 19/19 MP: 2/2
    57 | Abyss:1  | Noticed a tentacled starspawn
    87 | Abyss:1  | Noticed a quicksilver dragon zombie
    95 | D:1      | Escaped the Abyss
   119 | D:1      | Reached * piety under Lugonu
   213 | D:1      | Reached XP level 2. HP: 17/26 MP: 3/3
   794 | D:2      | Gained mutation: You occasionally shout uncontrollably at
                  | your foes. [potion of mutation]
   794 | D:2      | Gained mutation: Your system is resistant to poisons.
                  | (rPois) [potion of mutation]
   794 | D:2      | Gained mutation: You are robust. (+10% HP) [potion of
                  | mutation]
   799 | D:2      | Reached XP level 3. HP: 15/36 MP: 3/5
  1218 | D:2      | Reached XP level 4. HP: 34/44 MP: 6/6
  1336 | D:2      | Noticed Robin
  1354 | D:2      | Killed Robin
  1636 | D:2      | Reached ** piety under Lugonu
  1917 | D:2      | Noticed Sigmund
  1929 | D:2      | Killed Sigmund
  1929 | D:2      | Reached skill level 1 in Stealth
  1929 | D:2      | Reached XP level 5. HP: 21/50 MP: 7/7
  2372 | D:3      | Reached XP level 6. HP: 56/57 MP: 8/8
  3119 | D:4      | Got a scorched trident
  3120 | D:4      | Identified the +10 trident of Compound Interest {freeze,
                  | Int+2} (You found it on level 4 of the Dungeon)
  3164 | D:5      | Entered Level 5 of the Dungeon
  3394 | D:5      | Noticed an orc warrior
  3493 | D:4      | Your scales start taking on an icy white colour.
  3493 | D:4      | Reached XP level 7. HP: 66/66 MP: 8/10
  3493 | D:4      | Gained mutation: Your flesh is cold resistant. (rC+) [White
                  | Draconian growth]
  4322 | D:5      | HP: 2/66 [orc warrior/+0 trident (13)]
  4322 | D:5      | Mangled by an orc warrior

Levels and vault maps discovered:
D:1:      wander_arrival_desolate, layout_loops_ring
D:2:      layout_loops_ring, serial_forest, infiniplex_forest_lined_3,
          infiniplex_forest_clump_double, infiniplex_forest_clump_medium,
          infiniplex_forest_clump_tiny, infiniplex_forest_lined_room_3,
          infiniplex_forest_clump_double, infiniplex_forest_zigzag_2,
          uniq_robin, uniq_sigmund
D:3:      layout_basic
D:4:      layout_layer_cave, first_ration, kennysheep_generic_room_8
D:5:      layout_gridville, old_standard_altar, serial_shops,
          nicolae_shop_behind_doors, uniq_eustachio, uniq_blork_the_orc,
          uniq_edmund

Skill      XL: |  1  2  3  4  5  6 |
---------------+-------------------+-----
Dodging        | 3 4 |  4.4
Fighting       | 4 |  4.5
Axes           | 3 4 |  4.4
Stealth        | 1 |  1.9
Invocations    | 3 4 |  4.3
Polearms       | |  0.7

Action                   |  1- 3 |  4- 6 |  7- 9 || total
-------------------------+-------+-------+-------++-------
Melee: Hand axe          |    71 |   192 |       ||   263
       Tailslap          |     8 |    33 |     4 ||    45
       Trident           |       |    13 |    20 ||    33
Invok: Depart the Abyss  |     1 |       |       ||     1
 Abil: Breathe Frost     |       |       |     2 ||     2
  Use: Scroll            |     7 |     6 |       ||    13
       Potion            |     2 |     2 |       ||     4
 Stab: Sleeping          |     3 |     3 |     1 ||     7
  Eat: Chunk             |       |     8 |     2 ||    10
Armor: Skin              |    24 |    54 |     1 ||    79
Dodge: Dodged            |    64 |    99 |    18 ||   181

Table legend:
 A = Non-vault XP
 B = Vault XP
 C = Vault XP percentage of total XP
 D = Non-vault monster count
 E = Vault monster count
 F = Vault count percentage of total count
                 A         B        C        D         E       F
            +---------+---------+-------+---------+---------+-------
      Total |     662 |     251 |  27.5 |      71 |       9 |  11.2
            +---------+---------+-------+---------+---------+-------
        D:1 |      25 |       0 |   0.0 |      14 |       0 |   0.0
        D:2 |      95 |     251 |  72.5 |      22 |       9 |  29.0
        D:3 |      39 |       0 |   0.0 |      14 |       0 |   0.0
        D:4 |     462 |       0 |   0.0 |      18 |       0 |   0.0
        D:5 |      41 |       0 |   0.0 |       3 |       0 |   0.0
            +---------+---------+-------+---------+---------+-------
